 Dungeon Crawl Stone Soup version 0.28.0-43-g3370ac3207 (webtiles) character file.

Game seed: 1435964126382345106

117 mortz the Conjurer (level 5, 0/37 HPs)
             Began as a Gnoll Conjurer on Mar 27, 2022.
             Slain by an orc priest
             ... wielding a +0 hand axe
              (3 damage)
             ... on level 2 of the Dungeon.
             The game lasted 00:08:59 (1926 turns).

mortz the Conjurer (Gnoll Conjurer)                 Turns: 1926, Time: 00:09:00

Health: 0/37       AC:  3    Str:  6    XL:     5   Next: 1%
Magic:  1/12       EV: 12    Int: 20    God:
Gold:   117        SH:  0    Dex: 10    Spells: 11/14 levels left

rFire   . . .      SeeInvis .   j - +0 short sword {short}
rCold   . . .      Faith    .   (no shield)
rNeg    . . .      Spirit   .   c - +0 leather armour
rPois   .          Reflect  .   (no helmet)
rElec   .          Harm     .   (no cloak)
rCorr   .          Rampage  .   (no gloves)
Will    .....                   (no boots)
Stlth   ++........              (no amulet)
HPRegen 0.12/turn               (no ring)
MPRegen 0.13/turn               (no ring)

@: no status effects
A: fangs 1, strong nose, distributed training
a: no special abilities


You were on level 2 of the Dungeon.
You visited 1 branch of the dungeon, and saw 2 of its levels.

You collected 117 gold pieces.


Innate Abilities, Weirdness & Mutations

You have very sharp teeth.
Your uncanny sense of smell can sniff out nearby items.
Your experience applies equally to all skills.


   Skills:
 + Level 1.3 Fighting
 + Level 1.3 Short Blades
 + Level 1.3 Long Blades
 + Level 1.3 Axes
 + Level 1.3 Maces & Flails
 + Level 1.3 Polearms
 + Level 1.3 Staves
 + Level 1.3 Slings
 + Level 1.3 Bows
 + Level 1.3 Crossbows
 + Level 1.3 Throwing
 + Level 1.3 Armour
 + Level 4.7 Dodging
 + Level 4.3 Stealth
 + Level 1.3 Shields
 + Level 1.3 Unarmed Combat
 + Level 5.1 Spellcasting
 + Level 7.1 Conjurations
 + Level 1.0 Hexes
 + Level 1.0 Summonings
 + Level 1.0 Necromancy
 + Level 1.0 Translocations
 + Level 1.0 Transmutations
 + Level 1.0 Fire Magic
 + Level 1.0 Ice Magic
 + Level 1.0 Air Magic
 + Level 1.0 Earth Magic
 + Level 1.0 Poison Magic
 + Level 1.4 Invocations
 + Level 1.3 Evocations


You had 11 spell levels left.
You knew the following spells:

 Your Spells              Type           Power      Damage    Failure   Level
a - Magic Dart            Conj           100%       1d8       1%          1
b - Searing Ray           Conj           66%        2d6       1%          2

Your spell library contained the following spells:

 Spells                   Type           Power      Damage    Failure   Level
 Dazzling Flash           Conj/Hex       42%        N/A       10%         3
 Blink                    Tloc           18%        N/A       17%         2
 Fulminant Prism          Conj/Hex       10%        3d9       32%         4
 Iskenderun's Mystic Bla  Conj/Tloc      21%        2d6       32%         4
 Lesser Beckoning         Tloc           9%         N/A       34%         3
 Manifold Assault         Tloc           9%         N/A       97%         5

Inventory:

Hand Weapons
 b - a +0 club {mace}
   (You took it off a goblin on level 1 of the Dungeon)
 j - a +0 short sword (weapon) {short}
   (You took it off a kobold on level 1 of the Dungeon)
 n - a +2 hunting sling of flaming {sling}
   (You found it on level 2 of the Dungeon)
Missiles
 d - 22 bolts
 e - 4 poisoned darts {throwing}
 i - 79 stones {throwing}
 l - 8 boomerangs {throwing}
Armour
 c - a +0 leather armour (worn)
   (You found it on level 1 of the Dungeon)
 f - a +0 plate armour
   (You found it on level 1 of the Dungeon)
Scrolls
 o - a scroll of magic mapping {unknown}
Potions
 g - a potion of haste {unknown}
 h - a potion of berserk rage {unknown}
 k - a potion of curing {unknown}
 m - a potion of might {unknown}

Dungeon Overview and Level Annotations

Branches:
Dungeon (2/15)

Altars:
Yredelemnul

#..≈.≈≈.≈≈≈.≈≈.........'
##♣♣PP≈≈≈≈≈♣♣♣P........#
♣♣♣♣P≈♣♣♣ ♣♣.......##
♣♣≈♣♣ ##.....## ♣♣≈≈♣
##...## ♣P≈)♣ ##+## ∆
♣≈.P♣# #..#.# #@##.#
#o##.######o ∆
#)o.o.oo...J
####.#####.. #.# #.# ..#
###


You could see an orc priest and an orc.


Message History

An orc priest comes into view. It is wielding a +0 flail.
The orc wizard gestures at you while chanting.
The magic dart hits you. 😕 HP[-1]
You take 1 damage, and now have 28/32 hp.
The orc wizard casts a spell at you.
You are more confused.
The orc priest miscasts a cantrip.
You bump into the rock wall.
A giant cockroach comes into view.
An endoplasm comes into view.
The orc priest looks braver for a moment.
The orc priest looks encouraged for a moment.
The endoplasm quivers.
The orc priest looks braver for a moment. 😕 HP[+1]
The orc wizard hits you with a +0 dagger. 😕 HP[-1]
You take 1 damage, and now have 28/32 hp.
You bump into the rock wall.
The orc wizard mumbles some strange words.
The orc wizard flickers and vanishes!
Deactivating autopickup; reactivate with Ctrl-A.
The orc priest calls down the wrath of Beogh upon you.
Beogh smites you!
* * * LOW HITPOINT WARNING * * *
You hear some strange, mumbled words.
A puff of flame appears from out of thin air!
The puff of flame hits you!
* * * LOW HITPOINT WARNING * * *
😱 HP[-21]
You take 21 damage, and now have 7/32 hp.
MASSIVE DAMAGE!! (PAUSE)
You feel less confused.
Casting: Magic Dart (safe; 1% risk of failure)
Confirm with . or Enter, or press ? or * to list all spells.
You can't see any susceptible monsters within range! (Use Z to cast anyway.)
Casting: Magic Dart (safe; 1% risk of failure)
Confirm with . or Enter, or press ? or * to list all spells.
Aiming: Searing Ray (safe; 1% risk of failure)
Press: ? - help, Shift-Dir - straight line, f - orc priest
Aim: an orc priest, wielding a +0 flail and wearing a +0 leather armour (81% to hit)
The searing ray hits something!
The searing ray hits the orc priest but does no damage. (Press . to maintain the ray.)
Something hits you.
* * * LOW HITPOINT WARNING * * *
😱 HP[-3] MP[-2]
You take 3 damage, and now have 4/32 hp.
You lost 2 mp, and now have 9/11 mp.
The searing ray hits something.
The searing ray hits the orc priest.
Something hits you.
* * * LOW HITPOINT WARNING * * *
😱 HP[-2] MP[-1]
You take 2 damage, and now have 2/32 hp.
You lost 1 mp, and now have 8/11 mp.
The searing ray hits something.
The searing ray hits the orc priest.
Something hits you but does no damage. 😱 MP[-1]
You lost 1 mp, and now have 7/11 mp.
The searing ray hits something!
Reactivating autopickup.
You feel a bit more experienced.
The searing ray hits the orc priest!
You kill the orc priest!
You finish channelling your searing ray.
Your Hexes skill increases to level 1!
Your Summonings skill increases to level 1!
Your Necromancy skill increases to level 1!
Your Translocations skill increases to level 1!
Your Transmutations skill increases to level 1!
Your Fire Magic skill increases to level 1!
Your Ice Magic skill increases to level 1!
Your Air Magic skill increases to level 1!
Your Earth Magic skill increases to level 1!
Your Poison Magic skill increases to level 1!
You have reached level 5! 😱 HP[+1] MP[-1]
You now have 37 max hp (+5).
Casting: Searing Ray (safe; 1% risk of failure)
Confirm with . or Enter, or press ? or * to list all spells.
Aiming: Searing Ray (safe; 1% risk of failure)
Press: ? - help, Shift-Dir - straight line, f - giant cockroach
Aim: a giant cockroach (81% to hit)
The searing ray hits the giant cockroach!
You kill the giant cockroach! (Press . to maintain the ray.) 😱 MP[-2]
You lost 2 mp, and now have 4/12 mp.
Casting: Searing Ray (safe; 1% risk of failure)
Confirm with . or Enter, or press ? or * to list all spells.
Restarting spell: Searing Ray (safe; 1% risk of failure)
Press: ? - help, Shift-Dir - straight line, f - orc priest
Aim: an orc priest, wielding a +0 hand axe (81% to hit)
The searing ray hits the orc priest! (Press . to maintain the ray.) 😱 MP[-2]
You lost 2 mp, and now have 2/12 mp.
The searing ray misses the orc priest.
The orc priest hits you with a +0 hand axe.
You die...

Skill      XL: |  1  2  3  4 |
---------------+-------------+-----
Spellcasting   | 5 |  5.1
Invocations    | 1 |  1.4
Fighting       | 1 |  1.3
Short Blades   | 1 |  1.3
Long Blades    | 1 |  1.3
Axes           | 1 |  1.3
Maces & Flails | 1 |  1.3
Polearms       | 1 |  1.3
Staves         | 1 |  1.3
Slings         | 1 |  1.3
Bows           | 1 |  1.3
Crossbows      | 1 |  1.3
Throwing       | 1 |  1.3
Armour         | 1 |  1.3
Shields        | 1 |  1.3
Unarmed Combat | 1 |  1.3
Evocations     | 1 |  1.3
Hexes          | 1 |  1.0
Summonings     | 1 |  1.0
Necromancy     | 1 |  1.0
Translocations | 1 |  1.0
Transmutations | 1 |  1.0
Fire Magic     | 1 |  1.0
Ice Magic      | 1 |  1.0
Air Magic      | 1 |  1.0
Earth Magic    | 1 |  1.0
Poison Magic   | 1 |  1.0
Dodging        | |  4.7
Stealth        | |  4.3
Conjurations   | |  7.1

Action                   |  1- 3 |  4- 6 || total
-------------------------+-------+-------++-------
 Fire: Hunting sling     |    10 |       ||    10
 Cast: Magic Dart        |    28 |     2 ||    30
       Searing Ray       |    17 |     5 ||    22
Armor: Leather armour    |     1 |     1 ||     2
Dodge: Dodged            |     5 |       ||     5

Levels and vault maps discovered:
D:1:      minmay_arrival_wavy_path, layout_loops_ring, minmay_tetromino_l2
D:2:      layout_loops_corners, ebering_ecumenical_altar_abandoned, basic_altar,
          serial_bayou_crossing

Notes
Turn   | Place    | Note
-------+----------+-------------------------------------------
     0 | D:1      | mortz the Gnoll Conjurer began the quest for the Orb.
     0 | D:1      | Reached XP level 1. HP: 13/13 MP: 6/6
     0 | D:1      | magus.rc [v1.9.6]
   164 | D:1      | Reached XP level 2. HP: 19/19 MP: 5/7
   170 | D:1      | Learned a level 2 spell: Searing Ray
   288 | D:1      | You pick up a book of Spatial Translocations and begin
                  | reading...
   288 | D:1      | You add the spells Blink, Lesser Beckoning and Manifold
                  | Assault to your library.
   814 | D:1      | Reached XP level 3. HP: 25/25 MP: 7/9
   819 | D:1      | Reached skill level 5 in Spellcasting
  1256 | D:2      | Found a basalt altar of Yredelemnul.
  1263 | D:2      | Reached skill level 1 in Invocations
  1521 | D:2      | Reached skill level 1 in Fighting
  1521 | D:2      | Reached skill level 1 in Short Blades
  1521 | D:2      | Reached skill level 1 in Long Blades
  1521 | D:2      | Reached skill level 1 in Axes
  1521 | D:2      | Reached skill level 1 in Maces & Flails
  1521 | D:2      | Reached skill level 1 in Polearms
  1521 | D:2      | Reached skill level 1 in Staves
  1521 | D:2      | Reached skill level 1 in Slings
  1521 | D:2      | Reached skill level 1 in Bows
  1521 | D:2      | Reached skill level 1 in Crossbows
  1521 | D:2      | Reached skill level 1 in Throwing
  1521 | D:2      | Reached skill level 1 in Armour
  1521 | D:2      | Reached skill level 1 in Shields
  1521 | D:2      | Reached skill level 1 in Unarmed Combat
  1521 | D:2      | Reached skill level 1 in Evocations
  1641 | D:2      | Reached XP level 4. HP: 32/32 MP: 7/11
  1868 | D:2      | Found a faded altar of an unknown god.
  1916 | D:2      | HP: 7/32 [something/puff of flame (9)]
  1921 | D:2      | HP: 2/32 [something (2)]
  1924 | D:2      | Reached skill level 1 in Hexes
  1924 | D:2      | Reached skill level 1 in Summonings
  1924 | D:2      | Reached skill level 1 in Necromancy
  1924 | D:2      | Reached skill level 1 in Translocations
  1924 | D:2      | Reached skill level 1 in Transmutations
  1924 | D:2      | Reached skill level 1 in Fire Magic
  1924 | D:2      | Reached skill level 1 in Ice Magic
  1924 | D:2      | Reached skill level 1 in Air Magic
  1924 | D:2      | Reached skill level 1 in Earth Magic
  1924 | D:2      | Reached skill level 1 in Poison Magic
  1924 | D:2      | Reached XP level 5. HP: 3/37 MP: 6/12
  1926 | D:2      | Slain by an orc priest

Vanquished Creatures
  An orc priest (D:2)
  An orc wizard (D:2)
  An adder (D:2)
  3 dart slugs
  3 endoplasms
  4 giant cockroaches
  4 goblins
  7 hobgoblins
  2 jackals (D:2)
  A quokka (D:1)
  6 ball pythons
  A bat (D:2)
  A frilled lizard (D:1)
  4 kobolds
  5 rats
44 creatures vanquished.

Table legend:
 A = Non-vault XP
 B = Vault XP
 C = Vault XP percentage of total XP
 D = Non-vault monster count
 E = Vault monster count
 F = Vault count percentage of total count
                 A         B        C        D         E       F
            +---------+---------+-------+---------+---------+-------
      Total |     165 |       3 |   1.8 |      42 |       2 |   4.5
            +---------+---------+-------+---------+---------+-------
        D:1 |      43 |       3 |   6.5 |      23 |       2 |   8.0
        D:2 |     122 |       0 |   0.0 |      19 |       0 |   0.0
            +---------+---------+-------+---------+---------+-------

Illustrated notes

Table legend:
 A = Kills in this place as a percentage of kills in entire the game.
 B = Kills by you in this place as a percentage of kills by you in the entire game.
 C = Kills by friends in this place as a percentage of kills by friends in the entire game.
 D = Other kills in this place as a percentage of other kills in the entire game.
 E = Experience gained in this place as a percentage of experience gained in the entire game.
 F = Experience gained in this place divided by the number of levels of this place that you have seen.
                   A       B       C       D       E      F
               +-------+-------+-------+-------+-------+----------------------
         Total | 100.0 | 100.0 |   N/A |   N/A | 100.0 |  84.0
       Dungeon | 100.0 | 100.0 |   N/A |   N/A | 100.0 |  84.0
               +-------+-------+-------+-------+-------+----------------------

Table legend: (Time is in decaauts)
 A = Elapsed time spent in this place.
 B = Non-inter-level travel time spent in this place.
 C = Inter-level travel time spent in this place.
 D = Time resting spent in this place.
 E = Time spent auto-exploring this place.
 F = Levels seen in this place.
 G = Mean time per level.
                   A        B        C        D        E       F      G
               +--------+--------+--------+--------+--------+-----+--------+
         Total |   1930 |   1916 |     14 |     88 |   1617 |   2 |  965.0 |
       Dungeon |   1930 |   1916 |     14 |     88 |   1617 |   2 |  965.0 |
               +--------+--------+--------+--------+--------+-----+--------+

Top non-repeatable levels by time:
     D:1: 1127 daAuts
     D:2: 803 daAuts
